 Dungeon Crawl Stone Soup version 0.13.0-11-g0187522 (webtiles) character file.

57758 MDvedh the Severer (level 14, -11/157 HPs)
             Began as a Minotaur Berserker on Oct 18, 2013.
             Was the Champion of Trog.
             Succumbed to a spriggan's poison
             ... on Level 8 of the Lair of Beasts.
             The game lasted 00:46:42 (17394 turns).

MDvedh the Severer (Minotaur Berserker)            Turns: 17394, Time: 00:46:42

HP -11/157       AC 26     Str 30      XL: 14   Next: 42%
MP   4/4         EV 13     Int  4      God: Trog [******]
Gold 1252        SH  0     Dex 12      Spells:  0 memorised, 13 levels left

Res.Fire  : . . .   See Invis. : .   G - +5 executioner's axe (freeze)
Res.Cold  : . . .   Warding    : .   h - +2 dwarf plate armour
Life Prot.: . . .   Conserve   : .   (no shield)
Res.Poison: .       Res.Corr.  : .   (helmet restricted)
Res.Elec. : .       Clarity    : .   b - +1 cloak
Sust.Abil.: . .     Spirit.Shd : .   (no gloves)
Res.Mut.  : .       Stasis     : .   t - +0 pair of elf boots {Stlth+}
Res.Rott. : .       Flight     : .   K - amulet of faith
Saprovore : . . .                    o - +5 ring of evasion
                                     q - ring of sustenance

@: berserking, extremely poisoned, very quick, somewhat resistant to hostile
enchantments, extremely unstealthy
A: retaliatory headbutt, horns 2
a: Burn Spellbooks, Berserk, Trog's Hand, Brothers in Arms, Renounce Religion


You were on level 8 of the Lair of Beasts.
You worshipped Trog.
Trog was exalted by your worship.
You were hungry.

You visited 2 branches of the dungeon, and saw 22 of its levels.
You also visited: Bailey.

You collected 1464 gold pieces.
You spent 232 gold pieces at shops.

Inventory:

Hand weapons
 G - a +5,+5 executioner's axe of freezing (weapon)
 T - a +2,+5 battleaxe of chopping
Armour
 a - the -3 wizard hat "Bovodghaer" {MR++}
   (You bought it in a shop on level 12 of the Dungeon)

   It affects your resistance to hostile enchantments.
 b - a +1 cloak (worn)
 h - a +2 dwarven plate armour (worn)
 t - a +0 pair of elven boots of stealth (worn)
Magical devices
 l - a wand of polymorph (12) {unknown}
 m - a wand of fire (2)
 n - a wand of polymorph (2) {unknown}
 N - a wand of disintegration (11)
Comestibles
 c - 12 bread rations
 B - 16 honeycombs
 C - a royal jelly
Scrolls
 e - 12 scrolls of remove curse
 f - a scroll of magic mapping
 k - 2 scrolls of enchant armour
 p - 10 scrolls of teleportation
 r - 3 scrolls of enchant weapon I
 v - 4 scrolls of fog
 E - 3 scrolls of recharging
 J - 3 scrolls of blinking
 R - 3 scrolls of fear
Jewellery
 o - a +5 ring of evasion (right hand)
 q - a ring of sustenance (left hand)
 s - an uncursed ring of sustain abilities
 H - an uncursed ring of protection from cold
 K - an amulet of faith (around neck)
 L - a +4 ring of strength
Potions
 d - 9 potions of curing
 g - 4 potions of agility
 i - 9 potions of heal wounds
 j - 4 potions of restore abilities
 u - 3 potions of berserk rage
 z - 3 potions of might
 M - 2 potions of brilliance
 P - 2 potions of speed
 Q - a potion of strong poison
 S - a potion of invisibility
Books
 y - a book of Fire

   Spells                             Type                      Level
   Fire Brand                         Charms/Fire                  2
   Ignite Poison                      Fire/Transmutation           5
   Fireball                           Conjuration/Fire             5
   Bolt of Fire                       Conjuration/Fire             6
   Delayed Fireball                   Conjuration/Fire             7
   Ring of Flames                     Charms/Fire                  7
   Trog disapproves of the use of such an item.


   Skills:
 - Level 3.6 Fighting
 - Level 20.7 Axes
 + Level 19.0 Armour
 - Level 2.1 Dodging


You had 13 spell levels left.
You didn't know any spells.

Dungeon Overview and Level Annotations

Branches:
Dungeon (14/27)            Temple (0/1) D:6             Orc (0/4) D:10
   Lair (8/8) D:13          Swamp (0/5) Lair:5       Spider (0/5) Lair:5
  Slime (0/6) Lair:8

Altars:
Ashenzari
Elyvilon
Okawaru
Trog
Vehumet
Zin

Shops:
D:9 (   D:12 [


Innate Abilities, Weirdness & Mutations

You reflexively headbutt those who attack you in melee.
You have a pair of horns on your head.


Message History

* * * LOW HITPOINT WARNING * * *
You feel very sick.
The spriggan hits you with a spear of venom.
* * * LOW HITPOINT WARNING * * *
You are more poisoned.
The spriggan blocks your attack.
Your headbutt misses the spriggan.
The spriggan is almost dead.
* * * LOW HITPOINT WARNING * * *
You feel extremely sick.
You feel a little better. The spriggan closely misses you.
Unknown command.
The spriggan blocks your attack.
The spriggan is almost dead.
* * * LOW HITPOINT WARNING * * *
You feel sick.
Unknown command.
You miss the spriggan.
The spriggan is almost dead.
You die...

♣♣♣♣...♣♣♣♣♣♣♣#♣♣...##
♣♣♣...♣♣♣ ♣♣♣♣♣♣♣...##
♣♣♣....♣♣♣ ♣♣♣...##
♣♣♣...♣♣♣♣♣ ♣♣♣♣.#.#
♣♣♣.....♣♣♣♣♣♣♣♣♣♣♣♣♣..##
♣♣♣..♣♣...♣♣♣♣♣♣♣♣♣..♣.♣♣
♣♣..♣♣♣♣.....♣.....♣♣♣♣♣♣♣♣
♣♣..♣♣♣♣♣........♣♣♣♣♣♣♣♣♣♣
♣♣.♣♣♣♣♣♣♣@.♣♣...♣♣♣♣ ♣♣♣♣♣
♣♣.♣♣♣ ♣♣.i♣♣♣♣..♣♣♣♣♣♣♣♣..
♣♣..♣♣♣.....♣♣♣♣..♣♣♣♣♣♣...
♣♣..♣♣♣.....♣♣♣♣♣♣.).♣♣.♣♣♣
♣♣♣..♣♣♣♣..♣♣♣♣♣♣♣♣.....♣♣♣
♣♣♣..♣♣♣♣♣♣♣♣♣♣♣♣♣♣♣♣....♣♣
♣♣♣.♣♣♣♣♣♣♣♣♣♣♣♣♣♣♣♣♣♣♣...
♣♣♣♣..♣♣♣.....♣♣♣♣♣♣♣♣♣...
♣♣♣..........♣♣♣♣♣♣♣♣♣♣♣.


You could see a spriggan.

Vanquished Creatures
  Fannar (D:13)
  Josephine (D:12)
  4 death yaks (Lair:8)
  A centaur warrior (D:12)
  The ghost of Zgarb the Thaumaturge, an experienced DEAE of Vehumet (Bailey)
  Nergalle (D:11)
  3 unseen horrors
  2 hill giants
  The ghost of inmateoo the Skirmisher, an experienced TeAs of Okawaru (D:8)
  Joseph (Lair:1)
  An orc knight (D:13)
  A griffon (Lair:8)
  2 slime creatures (D:12)
  7 black mambas
  Maurice (D:13)
  9 elephants (Lair:7)
  A feature mimic (D:10)
  A spriggan druid (Lair:8)
  6 spiny frogs
  A queen bee (Lair:2)
  A troll (D:11)
  A giant firefly (Lair:8)
  7 spriggans (Lair:8)
  A hydra zombie (D:12)
  A giant leech (Lair:5)
  5 komodo dragons
  3 two-headed ogres (D:13)
  A griffon zombie (D:13)
  4 grizzly bears (Lair:8)
  3 basilisks
  5 blink frogs (Lair:8)
  6 ugly things (D:13)
  A griffon skeleton (D:12)
  A redback (Lair:5)
  A shadow (D:13)
  58 yaks
  2 elephant slugs
  A vampire (D:13)
  Grum (D:11)
  3 vampire mosquitoes (D:13)
  A wyvern (D:11)
  A hungry ghost (D:10)
  A hill giant skeleton (D:9)
  A deep elf fighter (D:13)
  7 hippogriffs
  2 swamp worms (Lair:5)
  20 wolves
  A manticore (D:9)
  8 porcupines
  2 soldier ants
  7 ogres
  2 yellow wasps
  7 black bears
  4 sky beasts
  5 phantoms
  4 ice beasts
  8 centaurs
  2 boring beetles (Lair:6)
  A griffon simulacrum (D:12)
  13 orc warriors
  17 crocodiles
  5 water moccasins
  A cyclops zombie (D:12)
  7 giant slugs
  11 giant frogs
  3 agate snails
  2 troll zombies (D:11)
  45 killer bees
  A quasit (D:9)
  2 centaur zombies
  2 giant frog zombies
  A basilisk zombie (D:12)
  10 crimson imps
  5 jellies
  7 orc priests
  A centaur skeleton (D:5)
  2 giant frog skeletons
  12 hounds
  6 worker ants
  A basilisk skeleton (D:9)
  8 orc wizards
  4 scorpions
  6 iguanas
  A hippogriff simulacrum (D:12)
  9 sheep
  A brain worm zombie (D:12)
  Jessica (D:2)
  A mottled dragon skeleton (D:13)
  2 ogre skeletons
  7 gnolls
  41 green rats
  24 adders
  8 giant centipedes
  15 white imps
  7 giant mites
  An inept feature mimic (D:8)
  3 worms
  3 giant eyeballs
  4 oozes
  46 orcs
  3 ball pythons
  27 bats
  7 giant cockroaches
  10 goblins
  10 hobgoblins
  9 quokkas
  6 giant geckos
  6 giant newts
  A gnoll skeleton (D:5)
  A hobgoblin zombie (D:6)
  18 jackals
  16 kobolds
  26 rats
  A rat skeleton (D:6)
  2 ballistomycetes (D:8)
  14 fungi
  9 plants
748 creatures vanquished.

Vanquished Creatures (collateral kills)
  4 hydras
  An oklob plant (Lair:6)
  A black mamba (Lair:7)
  A hippogriff (Lair:6)
  A boring beetle (Lair:7)
  A giant frog (Lair:7)
  A hound (D:12)
  A worker ant (D:12)
  A fungus (Lair:6)
  A plant (Lair:7)
13 creatures vanquished.

Vanquished Creatures (others)
  The ghost of MirrMurr the Unseen, a powerful SpEn of Ashenzari (Lair:4)
  3 green rats (Lair:8)
  A giant spore (D:8)
  9 fungi
  3 plants
17 creatures vanquished.

Grand Total: 778 creatures vanquished

Notes
Turn   | Place    | Note
--------------------------------------------------------------
     0 | D:1      | MDvedh, the Minotaur Berserker, began the quest for the Orb.
     0 | D:1      | Reached XP level 1. HP: 19/19 MP: 0/0
   113 | D:1      | Reached skill level 4 in Axes
   225 | D:1      | Reached XP level 2. HP: 26/26 MP: 0/0
   486 | D:1      | Acquired Trog's second power
   719 | D:2      | Reached skill level 5 in Axes
   876 | D:2      | Reached XP level 3. HP: 30/33 MP: 1/1
  1010 | D:2      | Noticed Jessica
  1018 | D:2      | Killed Jessica
  1284 | D:3      | Reached XP level 4. HP: 35/39 MP: 1/1
  1314 | D:3      | Reached skill level 6 in Axes
  1345 | D:3      | Noticed an ogre
  1350 | D:3      | Killed an ogre
  1350 | D:3      | Reached skill level 7 in Axes
  1350 | D:3      | Reached XP level 5. HP: 46/46 MP: 1/1
  2108 | D:4      | Reached skill level 8 in Axes
  2108 | D:4      | Reached XP level 6. HP: 50/52 MP: 2/2
  2143 | D:4      | Noticed a phantom
  2157 | D:4      | Killed a phantom
  2160 | D:4      | Acquired Trog's third power
  2380 | D:4      | Reached skill level 9 in Axes
  2783 | D:5      | Entered Level 5 of the Dungeon
  2962 | D:5      | Reached XP level 7. HP: 57/59 MP: 2/2
  3352 | D:5      | Reached skill level 10 in Axes
  3688 | D:6      | Reached skill level 11 in Axes
  3837 | D:6      | Found a staircase to the Ecumenical Temple.
  4073 | D:6      | Reached XP level 8. HP: 66/66 MP: 2/2
  4792 | D:7      | Reached skill level 12 in Axes
  5039 | D:7      | Reached skill level 13 in Axes
  5217 | D:7      | Received a gift from Trog
  5505 | D:8      | Found a white marble altar of Elyvilon.
  5506 | D:8      | Found a shattered altar of Ashenzari.
  5507 | D:8      | Found a bloodstained altar of Trog.
  5564 | D:8      | Reached XP level 9. HP: 72/72 MP: 1/3
  5599 | D:8      | Reached skill level 14 in Axes
  5662 | D:8      | Noticed inmateoo's ghost (experienced TeAs)
  5676 | D:8      | Killed inmateoo's ghost
  5690 | D:8      | Reached skill level 15 in Axes
  6396 | D:8      | 4tharraofdagon: wow nice weapon XD
  6484 | D:9      | Reached skill level 16 in Axes
  6536 | D:9      | Found Ewie's Antique Weapon Shoppe.
  6727 | D:9      | Found a flagged portal.
  6753 | D:9      | Reached XP level 10. HP: 70/79 MP: 1/3
  6775 | Bailey   | Entered a bailey
  6778 | Bailey   | Noticed Zgarb's ghost (experienced DEAE)
  6783 | Bailey   | Killed Zgarb's ghost
  7048 | D:10     | Entered Level 10 of the Dungeon
  7183 | D:10     | Reached skill level 17 in Axes
  7211 | D:10     | Received a gift from Trog
  7227 | D:10     | Found a staircase to the Orcish Mines.
  7428 | D:10     | Noticed a hill giant
  7434 | D:10     | Killed a hill giant
  7576 | D:10     | Reached skill level 18 in Axes
  8081 | D:11     | Reached XP level 11. HP: 32/84 MP: 1/3
  8085 | D:11     | Noticed Grum
  8098 | D:11     | Killed Grum
  8395 | D:11     | Noticed Nergalle
  8406 | D:11     | Killed Nergalle
  8406 | D:11     | Reached skill level 19 in Axes
  8458 | D:11     | Noticed a hill giant
  8463 | D:11     | Killed a hill giant
  8883 | D:12     | Found an iron altar of Okawaru.
  8893 | D:12     | Noticed a centaur warrior
  8901 | D:12     | Killed a centaur warrior
  9012 | D:12     | Noticed Josephine
  9026 | D:12     | Killed Josephine
  9026 | D:12     | Reached skill level 20 in Axes
  9214 | D:12     | Received a gift from Trog
  9473 | D:12     | Paralysed by a giant eyeball for 2 turns
  9494 | D:12     | Killed an unseen horror
  9580 | D:12     | Noticed a four-headed hydra
  9585 | D:12     | Killed a six-headed hydra
  9595 | D:12     | Found Psot's Antique Armour Boutique.
  9603 | D:12     | Bought a dazzling wizard hat for 232 gold pieces
  9606 | D:12     | Identified the cursed -3 wizard hat "Bovodghaer" {MR++} (You bought it in a shop on level 12 of the Dungeon)
  9631 | D:12     | Reached XP level 12. HP: 70/92 MP: 1/4
  9698 | D:12     | Reached skill level 5 in Armour
  9865 | D:13     | Noticed Maurice
  9870 | D:13     | Found a shattered altar of Ashenzari.
  9877 | D:13     | Killed Maurice
 10016 | D:13     | Noticed Fannar
 10025 | D:13     | Killed Fannar
 10432 | D:13     | Received a gift from Trog
 10527 | D:13     | Found a staircase to the Lair.
 10774 | D:13     | Reached skill level 10 in Armour
 11024 | D:14     | Entered Level 14 of the Dungeon
 11086 | Lair:1   | Entered Level 1 of the Lair of Beasts
 11106 | Lair:1   | Noticed Joseph
 11122 | Lair:1   | Killed Joseph
 11215 | Lair:1   | Found a frozen archway.
 11629 | Lair:1   | Received a gift from Trog
 11855 | Lair:1   | Found a glowing silver altar of Zin.
 12631 | Lair:2   | Received a gift from Trog
 12921 | Lair:2   | Reached XP level 13. HP: 97/97 MP: 4/4
 14070 | Lair:4   | Received a gift from Trog
 14327 | Lair:4   | Reached skill level 15 in Armour
 14414 | Lair:4   | Noticed MirrMurr's ghost (powerful SpEn)
 14423 | Lair:4   | Killed MirrMurr's ghost
 14926 | Lair:5   | Found a hole to the Spider Nest.
 15055 | Lair:5   | Found a staircase to the Swamp.
 15113 | Lair:5   | Received a gift from Trog
 15525 | Lair:6   | Found a radiant altar of Vehumet.
 15752 | Lair:7   | Received a gift from Trog
 16258 | Lair:7   | Received a gift from Trog
 16501 | Lair:8   | Entered Level 8 of the Lair of Beasts
 16540 | Lair:8   | Reached XP level 14. HP: 105/105 MP: 4/4
 16817 | Lair:8   | Received a gift from Trog
 17068 | Lair:8   | Found a staircase to the Slime Pits.
 17392 | Lair:8   | HP: 4/157 [poisoned by a spriggan]
 17394 | Lair:8   | Succumbed to a spriggan's poison

Action                   |  1- 3 |  4- 6 |  7- 9 | 10-12 | 13-15 || total
-------------------------+-------+-------+-------+-------+-------++-------
Melee: Hand axe          |    79 |   163 |   227 |    15 |       ||   484
       Battleaxe         |       |       |   120 |   654 |       ||   774
       Executioner's axe |       |       |       |    30 |   543 ||   573
Invok: Berserk           |       |     1 |     2 |    12 |     2 ||    17
       Trog's Hand       |       |       |     2 |     5 |     4 ||    11
       Brothers in Arms  |       |       |       |     1 |     3 ||     4
       Burn Spellbooks   |       |       |       |     1 |     3 ||     4
Evoke: Wand              |     1 |     1 |       |       |       ||     2
  Use: Scroll            |     6 |     7 |     8 |    16 |     5 ||    42
       Potion            |       |       |       |     1 |     5 ||     6
